Map: Ley Lines

Players

VITmaru (Maru) - Winner!

  • Race: Terran Terran
  • Spawn Location: 7:00

herO

  • Race: Protoss Protoss
  • Spawn Location: 1:00

Event: DreamHack Dallas 2025

VOD

Have the link to the VOD?

Description

Time

  • Played on: May 25, 2025, 10:53 a.m.
  • Length: 5:13

All games in this series

Show
View Real Time Build Order
Export as new Build Order

VITmaru Terran - Winner!

Build Orders:  

Get SALT Encoding   

  12  0:00  SCV  
  13  0:12  SCV  
  14  0:17  Supply Depot  
  14  0:24  SCV  
  15  0:40  Barracks  
  15  0:45  Refinery  
  15  0:56  Barracks  
  15  1:00  SCV  
  16  1:12  SCV  
  17  1:26  Orbital Command, Barracks Tech Lab  
  17  1:42  Barracks Tech Lab  
  17  1:44  Supply Depot  
  17  1:45  Marauder  
  19  1:52  SCV  
  20  2:02  Marauder  
  22  2:09  Marauder  
  22  2:10  SCV  
  22  2:13  Concussive Shells  
  26  2:24  Marauder  
  26  2:29  Supply Depot  
  27  2:33  Marauder  
  30  2:46  Marauder  
  31  2:55  Marauder  
  33  3:07  Marauder  
  35  3:18  Marauder  
  36  3:37  Marauder  
  30  3:49  Marauder  
  31  4:02  Marauder  
  28  4:20  Marauder  
  22  4:37  Marauder  
  20  4:51  SCV  
Show
View Real Time Build Order
Export as new Build Order

herO Protoss 

Build Orders: 1 Gate Expand 

Get SALT Encoding   

  12  0:00  Probe  
  13  0:12  Probe  
  14  0:16  Pylon  
  14  0:24  Probe  
  15  0:34  Probe  
  15  0:35  Gateway  
  15  0:41  Assimilator  
  15  0:42  Probe  
  17  0:50  Probe  
  18  1:02  Probe  
  19  1:15  Probe  
  20  1:22  Cybernetics Core  
  20  1:23  Zealot  
  22  1:36  Nexus  
  22  1:43  Pylon  
  22  1:46  Probe  
  23  1:49  Stalker  
  23  1:53  Warp Gate  
  26  2:04  Shield Battery  
  25  2:10  Shield Battery  
  25  2:15  Probe  
  26  2:21  Stalker  
  28  2:30  Gateway  
  28  2:34  Probe  
  29  2:40  Shield Battery  
  29  2:42  Stalker  
  29  2:46  Probe  
  29  2:48  Probe  
  33  3:01  Shield Battery  
  33  3:08  Pylon  
  33  3:17  Sentry  
  27  3:45  Stalker  
  25  3:49  Zealot  
  25  3:50  Probe x2  
  24  4:12  Stalker  
  24  4:13  Stalker  
  14  4:40  Stalker  
  13  4:57  Probe x2  
Tags
 
Add a new tag
Caveats
  • Supply blocks, unpowered buildings, or Contaminate may cause inaccurate times.
  • Supply counts are checked every 10 seconds.